 Dungeon Crawl Stone Soup version 0.24-a0-201-gf205589 (console) character file.

Game seed: 3140786085465517255

9704 Duffy the Cleaver (level 11, -4/99 HPs)
             Began as a Minotaur Gladiator on Mar 22, 2019.
             Slain by a wolf (8 damage)
             ... in a Gauntlet.
             The game lasted 00:10:55 (11841 turns).

Duffy the Cleaver (Minotaur Gladiator)             Turns: 11841, Time: 00:10:56

Health: -4/99      AC: 15    Str: 20    XL:     11   Next: 26%
Magic:  13/13      EV: 11    Int:  5    God:
Gold:   612        SH:  0    Dex: 14    Spells: 10/10 levels left

rFire    + + .     SeeInvis .   x - +3 war axe
rCold    + . .     Gourm    .   (no shield)
rNeg     . . .     Faith    .   v - +0 plate armour
rPois    .         Spirit   .   c - +0 hat
rElec    .         Reflect  .   G - scarf {rC+ rF+}
rCorr    .         Harm     .   (no gloves)
MR       .....     NoTele   +   (no boots)
Stlth    ..........             (no amulet)
HPRegen  0.26/turn              r - +1 ring of protection
MPRegen  0.13/turn              z - ring of protection from fire

@: no status effects
A: retaliatory headbutt, horns 2
a: no special abilities


You were in a Gauntlet.
You were full.

You visited 2 branches of the dungeon, and saw 12 of its levels.
You also visited: Gauntlet.

You collected 612 gold pieces.

Inventory:

Hand Weapons
 x - a +3 war axe (weapon)
 I - a +0 scimitar of flaming
 O - a +0 battleaxe
Missiles
 d - 5 throwing nets (quivered)
Armour
 c - a +0 hat (worn)
 u - a +0 ring mail of cold resistance
 v - a +0 plate armour (worn)
 G - a scarf of resistance (worn)
 M - a +0 cloak
Jewellery
 h - an uncursed ring of flight
 r - a +1 ring of protection (left hand)
 w - an uncursed ring of see invisible
 z - a ring of protection from fire (right hand)
Wands
 A - a wand of enslavement (2)
 H - a wand of paralysis (11)
 K - a wand of flame (21)
Scrolls
 a - 2 scrolls of blinking {unknown}
 b - a scroll of noise {unknown}
 g - 2 scrolls of amnesia {unknown}
 i - 2 scrolls of enchant weapon
 j - 5 scrolls of remove curse
 k - a scroll of fear
 o - 4 scrolls of teleportation
 t - a scroll of silence
 y - 2 scrolls of enchant armour
Potions
 e - a potion of berserk rage
 l - 2 potions of curing
 m - 3 potions of might
 n - 3 potions of lignification
 p - 2 potions of agility {unknown}
 B - 4 potions of degeneration {unknown}
 C - a potion of cancellation {unknown}
 D - 3 potions of haste {unknown}
 E - 3 potions of ambrosia {unknown}
 F - 2 potions of heal wounds
Comestibles
 f - 16 rations


   Skills:
 + Level 9.8 Fighting
 + Level 11.7 Axes
 - Level 2.0 Throwing
 + Level 9.5 Armour
 + Level 9.4 Dodging
 - Level 5.2 Evocations


You had 10 spell levels left.
You didn't know any spells.
Your spell library contained the following spells:

 Spells                   Type           Power        Failure   Level  Hunger
 Passwall                 Tmut/Erth      #.......     100%        2    ###....
 Swiftness                Chrm/Air       #.......     100%        2    ###....
 Passage of Golubria      Tloc           N/A          100%        4    #####..
 Lee's Rapid Deconstruct  Erth           #.........   100%        5    ######.
 Darkness                 Hex            #.........   100%        6    #######
 Invisibility             Hex            #.......     100%        6    #######


Dungeon Overview and Level Annotations

Branches:
Dungeon (11/15)            Temple (1/1) D:4            Lair (0/6) D:10
    Orc (0/2) D:9

Altars:
Ashenzari
Cheibriados
Dithmenos
Elyvilon
Fedhas
Gozag
Hepliaklqana
Kikubaaqudgha
Makhleb
Nemelex Xobeh
Okawaru
Qazlal
Ru
Sif Muna
Trog
Uskayaw
Vehumet
Wu Jian
Xom
Yredelemnul
Zin
The Shining One

Shops:
D:10 =   D:11 (

Annotations:
Gauntlet 14 transporters, exclusion: obsidian statue


Innate Abilities, Weirdness & Mutations

You reflexively headbutt those who attack you in melee.
You have a pair of horns on your head.


Message History

A wolf simulacrum comes into view.
The wolf bites you but does no damage. The wolf bites you.
The catoblepas bellows!
The wolf barely misses you. You furiously retaliate!
You headbutt the wolf. The wolf bites you but does no damage.
Items here: %% ) [ a cursed -2 dagger; a +0 robe; a wolf corpse; a human corpse The wolf simulacrum bites you.
The wolf simulacrum freezes you. You resist.
The wolf simulacrum bites you but does no damage.
Found a transporter.
The wolf bites you!
Throwing (i - inventory)
d - 6 throwing nets (quivered)
Press: ? - help, Shift-Dir - straight line, f - wolf
Aim: a wolf (almost dead, bound soul)
You throw a throwing net.
The throwing net closely misses the wolf.
The throwing net hits the wolf simulacrum.
The wolf simulacrum is caught in the net!
The wolf's soul is no longer bound.
The wolf bites you!
You die...

#########.###########.###########..
.......##.#.........#.#..9999#9.#..
#.....#.#.#.###...#.#.#9....#9..#..
.#...#..#.#...###...#.##....#...#..
..#.#...#.#.#...###.#.#.##.#...[###
...#^...#.#.#.#^.%#.#.#Y..###..^#^#
..#.#...#.#...###Z..#.#.. ^#.##$#.#
.#.. #...#h#.#.#.. #....##.# #...
###..@# #.#.. ....#.# ...
#....^[$..#.#.. ....#.# ###
############### ####.# ~8~
......^......... 8~~#.# ###
################ ####.# ...
#~0~~8~~~0#^... ....^. ###
############### ###### ~.#
....#.#...#.#.. #..##. ~.# ##. #.


You could see a wolf and a wolf simulacrum (caught).

Vanquished Creatures
  Harold (D:8)
  Erica (D:9)
  A necromancer (Gauntlet)
  Psyche (D:8)
  A hornet (shapeshifter) (D:10)
  Prince Ribbit (D:8)
  A hornet (D:9)
  Sigmund (D:5)
  A vampire (D:9)
  Grum (D:8)
  A basilisk (D:10)
  2 steam dragons
  2 water moccasins
  A soldier ant (D:9)
  5 porcupines
  3 black bears
  An ice beast (D:9)
  7 orc warriors
  2 sky beasts
  4 ogres
  3 phantoms
  8 wolves
  5 crocodiles
  A big kobold (D:10)
  6 bullfrogs
  4 scorpions
  5 wights
  4 crimson imps
  A quasit (D:10)
  A centaur zombie (D:8)
  An iron imp (D:9)
  11 orc wizards
  2 jellies
  2 centaur skeletons
  7 hounds
  6 orc priests
  3 bullfrog skeletons
  3 iguanas
  10 worker ants
  A killer bee zombie (D:7)
  Robin (D:2)
  A worker ant zombie (D:9)
  9 adders
  A howler monkey skeleton (D:10)
  5 shadow imps
  An ooze (D:4)
  An adder skeleton (D:9)
  5 worms
  2 dart slugs
  3 leopard geckos
  48 orcs
  2 ball pythons
  3 bats
  8 giant cockroaches
  13 goblins
  9 hobgoblins
  7 jackals
  7 kobolds
  5 quokkas
  6 frilled lizards
  A leopard gecko skeleton (D:5)
  A quokka zombie (D:6)
  13 rats
274 creatures vanquished.

Vanquished Creatures (others)
  A demonic plant (Gauntlet)
  3 fungi (D:5)
  2 plants (D:5)
  7 withered plants (Gauntlet)
13 creatures vanquished.

Grand Total: 287 creatures vanquished

Notes
Turn   | Place    | Note
-------+----------+-------------------------------------------
     0 | D:1      | Duffy the Minotaur Gladiator began the quest for the Orb.
     0 | D:1      | Reached XP level 1. HP: 18/18 MP: 0/0
   134 | D:1      | Reached XP level 2. HP: 25/25 MP: 1/1
   151 | D:1      | Reached skill level 4 in Axes
   332 | D:1      | Reached skill level 1 in Armour
   881 | D:2      | Found a hide-covered altar of Uskayaw.
   882 | D:2      | Reached XP level 3. HP: 27/30 MP: 2/2
  1425 | D:2      | Noticed Robin
  1426 | D:2      | Reached XP level 4. HP: 38/38 MP: 3/3
  1439 | D:2      | Killed Robin
  2027 | D:3      | Reached skill level 5 in Axes
  2147 | D:3      | Reached XP level 5. HP: 45/45 MP: 4/4
  2601 | D:3      | Found a glowing golden altar of the Shining One.
  2751 | D:3      | Found a glowing silver altar of Zin.
  2754 | D:3      | Noticed an angel
  2973 | D:4      | Reached XP level 6. HP: 28/52 MP: 5/5
  3117 | D:4      | Found a white marble altar of Elyvilon.
  3117 | D:4      | Reached skill level 6 in Axes
  3208 | D:4      | Found a staircase to the Ecumenical Temple.
  3223 | Temple   | Entered the Ecumenical Temple
  3689 | D:4      | Reached XP level 7. HP: 31/60 MP: 6/6
  3899 | D:4      | Reached skill level 5 in Dodging
  4146 | D:4      | Reached skill level 7 in Axes
  4429 | D:5      | Entered Level 5 of the Dungeon
  4555 | D:5      | Reached skill level 5 in Fighting
  4722 | D:5      | Noticed Sigmund
  4732 | D:5      | Killed Sigmund
  4845 | D:5      | Reached XP level 8. HP: 60/69 MP: 7/7
  4855 | D:5      | Reached skill level 8 in Axes
  5273 | D:5      | Reached skill level 5 in Armour
  5615 | D:6      | Reached skill level 9 in Axes
  6686 | D:7      | Noticed a two-headed ogre
  6733 | D:8      | Reached XP level 9. HP: 78/78 MP: 8/8
  6783 | D:8      | Reached skill level 1 in Evocations
  6856 | D:8      | Noticed Prince Ribbit
  6868 | D:8      | Killed Prince Ribbit
  7063 | D:8      | Noticed Psyche
  7076 | D:8      | Killed Psyche
  7076 | D:8      | Reached skill level 5 in Evocations
  7214 | D:8      | Noticed Harold
  7228 | D:8      | Killed Harold
  7228 | D:8      | Reached skill level 10 in Axes
  7253 | D:8      | Noticed a two-headed ogre
  7652 | D:8      | Noticed Grum
  7667 | D:8      | Killed Grum
  7667 | D:8      | Reached XP level 10. HP: 17/86 MP: 12/12
  8110 | D:9      | Noticed Erica
  8112 | D:9      | Found a snail-covered altar of Cheibriados.
  8114 | D:9      | Paralysed by something for 4 turns
  8121 | D:9      | Paralysed by something for 3 turns
  8142 | D:9      | Killed Erica
  8667 | D:9      | Found a basalt altar of Yredelemnul.
  8667 | D:9      | Found an opulent altar of Gozag.
  8987 | D:9      | Found a deep blue altar of Sif Muna.
  9365 | D:10     | Entered Level 10 of the Dungeon
  9705 | D:9      | Found a staircase to the Orcish Mines.
  9958 | D:9      | Reached skill level 11 in Axes
 10369 | D:10     | Found a staircase to the Lair.
 10797 | D:10     | Reached XP level 11. HP: 93/97 MP: 13/13
 11152 | D:10     | Found Ofyfogaw's Jewellery Boutique.
 11316 | D:10     | Found a snail-covered altar of Cheibriados.
 11528 | D:11     | Found Lovvaka's Weapon Emporium.
 11607 | D:11     | Found a gate leading to a gauntlet.
 11618 | Gauntlet | Entered a Gauntlet
 11618 | Gauntlet | Found a transporter.
 11629 | Gauntlet | Found a transporter.
 11645 | Gauntlet | Found a transporter.
 11651 | Gauntlet | Found a transporter.
 11670 | Gauntlet | Found a transporter.
 11677 | Gauntlet | Found the +0 Maxwell's etheric cage {RegenMP+ *Contam rElec
                  | MP+4}
 11685 | Gauntlet | Found a transporter.
 11685 | Gauntlet | Noticed an obsidian statue
 11697 | Gauntlet | Found a transporter.
 11697 | Gauntlet | Noticed a death drake
 11709 | Gauntlet | Found a transporter.
 11709 | Gauntlet | Noticed a balrug
 11721 | Gauntlet | Found a transporter.
 11722 | Gauntlet | Noticed a sun demon
 11740 | Gauntlet | Found a transporter.
 11754 | Gauntlet | Found a transporter.
 11773 | Gauntlet | Found a transporter.
 11775 | Gauntlet | Found a transporter.
 11776 | Gauntlet | Noticed a catoblepas
 11809 | Gauntlet | Noticed a necromancer
 11809 | Gauntlet | Found a transporter.
 11835 | Gauntlet | Killed a necromancer
 11839 | Gauntlet | Found a transporter.
 11840 | Gauntlet | HP: 4/99 [wolf (8)]
 11841 | Gauntlet | Slain by a wolf

Levels and vault maps discovered:
D:1:      grunt_arrival_crossed_arrows, layout_loops_corners
D:2:      layout_basic, eat_drink_and_be_merry_uskayaw, uniq_robin
D:3:      layout_basic, lemuel_doored_altar, zin_angel, kennysheep_crisscross
D:4:      layout_loops_cross, old_standard_altar, minmay_temple_entry_tees,
          first_ration
D:5:      old_forge, layout_layer_cave, uniq_sigmund
D:6:      layout_rooms
D:7:      layout_cave_pools
D:8:      layout_loops_ring, uniq_harold, uniq_grum, uniq_psyche,
          uniq_prince_ribbit1
D:9:      kennysheep_orc_sif_temple, layout_small_grid, slow_altar_1,
          gammafunk_temple_overflow_statue, david_orc_4,
          hangedman_pestilent_swarm, uniq_erica
D:10:     layout_basic, minmay_lair_entry_grove, serial_shops, shop, basic_altar
D:11:     layout_loops_cross, gauntlet_entry_generic, serial_shops, shop,
          special_room [special_room_orc], ebering_ghost_inner_flame
Temple:   regret_index_temple_waves
Gauntlet: gammafunk_gauntlet_one_two_three [nicolae_gauntlet_arena_grate_2,
          nicolae_gauntlet_arena_x, nicolae_gauntlet_swirl,
          gammafunk_gauntlet_arena_arrow_garden,
          nicolae_gauntlet_arena_flowing_pool, gammafunk_gauntlet_arena_hedges,
          gammafunk_gauntlet_arena_chambers, gammafunk_gauntlet_arena_crates,
          gammafunk_gauntlet_arena_spirals,
          nicolae_gauntlet_exit_dead_adventurers]

Skill      XL: |  1  2  3  4  5  6  7  8  9 10 |
---------------+-------------------------------+-----
Axes           | 4 5 6 7 9 10 11 | 11.7
Armour         | 1 2 3 4 6 7 9 |  9.5
Fighting       | 3 4 5 6 7 9 |  9.8
Dodging        | 4 5 6 7 9 |  9.4
Evocations     | 5 |  5.2
Throwing       | |  2.0

Action                   |  1- 3 |  4- 6 |  7- 9 | 10-12 || total
-------------------------+-------+-------+-------+-------++-------
Melee: War axe           |    66 |   125 |   232 |   308 ||   731
       Headbutt          |    13 |    27 |    50 |    62 ||   152
Throw: Throwing net      |       |       |       |     1 ||     1
Evoke: Wand              |       |       |     5 |     2 ||     7
  Use: Scroll            |       |       |    11 |     6 ||    17
 Stab: Paralysed         |       |       |       |     3 ||     3
  Eat: Chunk             |     2 |     7 |    12 |     6 ||    27
       Ration            |       |       |       |     4 ||     4
Armor: Leather armour    |    12 |    24 |       |       ||    36
       Scale mail        |       |       |    60 |       ||    60
       Plate armour      |       |       |    41 |   208 ||   249
Dodge: Dodged            |    55 |    88 |   124 |   160 ||   427

Table legend:
 A = Non-vault XP
 B = Vault XP
 C = Vault XP percentage of total XP
 D = Non-vault monster count
 E = Vault monster count
 F = Vault count percentage of total count
                 A         B        C        D         E       F
            +---------+---------+-------+---------+---------+-------
      Total |    6486 |    7378 |  53.2 |     218 |      56 |  20.4
            +---------+---------+-------+---------+---------+-------
        D:1 |      38 |       0 |   0.0 |      22 |       0 |   0.0
        D:2 |      82 |      29 |  26.1 |      30 |       8 |  21.1
        D:3 |     123 |       0 |   0.0 |      27 |       0 |   0.0
        D:4 |     675 |       0 |   0.0 |      27 |       0 |   0.0
        D:5 |     617 |     223 |  26.5 |      20 |       1 |   4.8
        D:6 |     897 |       0 |   0.0 |      22 |       0 |   0.0
        D:7 |     111 |       0 |   0.0 |       4 |       0 |   0.0
        D:8 |     610 |    2137 |  77.8 |      17 |       6 |  26.1
        D:9 |    1495 |    2844 |  65.5 |      21 |      28 |  57.1
       D:10 |    1567 |    1097 |  41.2 |      22 |       8 |  26.7
       D:11 |     271 |       0 |   0.0 |       6 |       0 |   0.0
   Gauntlet |       0 |    1048 | 100.0 |       0 |       5 | 100.0
            +---------+---------+-------+---------+---------+-------
